 Dungeon Crawl Stone Soup version 0.19.5 (webtiles) character file.

3812 spiff the Covert (level 9, -2/62 HPs)
             Began as a High Elf Assassin on Apr 2, 2017.
             Was a Priest of Dithmenos.
             Killed from afar by Erica (27 damage)
             ... with an orb of energy
             ... on level 9 of the Dungeon.
             The game lasted 00:42:13 (10473 turns).

spiff the Covert (High Elf Assassin)               Turns: 10473, Time: 00:42:14

Health: -2/62      AC:  6    Str: 15    XL:     9   Next: 97%
Magic:  10/10      EV: 16    Int: 19    God:    Dithmenos [***...]
Gold:   57         SH:  0    Dex: 17    Spells: 1 memorised, 7 levels left

rFire  . . .     SeeInvis +     F - +9 rapier of the Lost Beggars {freeze, SInv}
rCold  . . .     Gourm    .     Q - +1 robe of Qaetipis {Stlth+}
rNeg   . . .     Faith    .     (no shield)
rPois  .         Spirit   .     (no helmet)
rElec  .         Reflect  .     d - +1 cloak
rCorr  .         Harm     .     s - +0 pair of gloves
MR     +....                    (no boots)
Stlth  ++++++++..               x - amulet of regeneration
                                (no ring)
                                t - ring of protection from magic

@: mighty, about to teleport, wreathed by umbra
A: no striking features
a: Shadow Step, Renounce Religion


You were on level 9 of the Dungeon.
You worshipped Dithmenos.
Dithmenos was most pleased with you.
You were not hungry.

You visited 2 branches of the dungeon, and saw 10 of its levels.

You collected 691 gold pieces.
You spent 634 gold pieces at shops.

Inventory:

Hand Weapons
 b - a +0 blowgun
 m - a +3 dagger of venom
 r - a +0 dagger of speed
 F - the +9 rapier of the Lost Beggars (weapon) {freeze, SInv}
   (You bought it in a shop on level 4 of the Dungeon)

   It has been specially enchanted to freeze those struck by it, causing extra
   injury to most foes and up to half again as much damage against particularly
   susceptible opponents.
   It can also slow down cold-blooded creatures.
   It lets you see invisible.
 M - a +0 great sword
 R - a +2 shortbow of freezing
Missiles
 e - 27 poisoned needles
 f - 4 curare-tipped needles
 k - 262 stones (quivered)
 l - 266 arrows
Armour
 c - a +0 robe
 d - a +1 cloak (worn)
 s - a +0 pair of gloves (worn)
 w - the +1 leather armour of Slovenliness {rElec rN++ MR-}
   (You found it on level 7 of the Dungeon)

   It insulates you from electricity.
   It greatly protects you from negative energy.
   It affects your resistance to hostile enchantments.
 A - a +0 leather armour
 L - a +2 robe of magic resistance
 Q - the +1 robe of Qaetipis (worn) {Stlth+}
   (You found it on level 8 of the Dungeon)

   It makes you more stealthy.
Jewellery
 t - a ring of protection from magic (left hand)
 x - an amulet of regeneration (around neck)
 K - an uncursed ring of protection from magic
 T - an uncursed amulet of the gourmand {unknown}
Wands
 i - a wand of enslavement (15/24)
 H - a wand of lightning (5/15)
Scrolls
 y - 3 scrolls of remove curse
 G - 3 scrolls of magic mapping
 J - 2 scrolls of amnesia
 N - a scroll of enchant weapon {unknown}
 P - a scroll of holy word {unknown}
 S - a scroll of teleportation
 U - a scroll of identify
Potions
 a - 2 potions of magic
 j - a potion of resistance
 n - 4 potions of agility
 o - 2 potions of heal wounds
 q - 2 potions of might
 u - 2 potions of ambrosia {unknown}
 v - a potion of cancellation {unknown}
 B - 4 potions of flight
 O - a potion of berserk rage {unknown}
Books
 I - a book of Cantrips

   Spells                             Type                      Level
   a - Confusing Touch                Hexes                        1
   b - Animate Skeleton               Necromancy                   1
   c - Summon Small Mammal            Summoning                    1
   d - Apportation                    Translocation                1
Comestibles
 g - 6 bread rations
 h - 5 meat rations
 p - 2 beef jerkies
 z - 2 slices of pizza
 C - 8 fruits
 E - 3 chunks of flesh


   Skills:
 + Level 6.2 Fighting
 - Level 5.3(6.9) Short Blades
 * Level 6.7(7.6) Long Blades
 - Level 2.0 Throwing
 + Level 6.3 Dodging
 - Level 10.2 Stealth
 - Level 5.0 Hexes


You had 7 spell levels left.
You knew the following spells:

 Your Spells              Type           Power        Failure   Level  Hunger
a - Confusing Touch       Hex            ###...       2%          1    ##.....


Dungeon Overview and Level Annotations

Branches:
Dungeon (9/15)             Temple (1/1) D:5
   Lair: D:8-11         Orc: D:9-12

Altars:
Ashenzari
Cheibriados
Dithmenos
Elyvilon
Fedhas
Gozag
Hepliaklqana
Kikubaaqudgha
Makhleb
Nemelex Xobeh
Okawaru
Qazlal
Ru
Sif Muna
Trog
Uskayaw
Vehumet
Xom
Yredelemnul
Zin
The Shining One
Lugonu

Shops:
D:4 (

Annotations:
D:4 634g rapier +9 freez, Blork the orc
D:9 exclusion: door, Erica


Message History

The orb of energy hits your ogre.
The orb of energy explodes!
The mystic blast hits your adder.
Your adder dies!
Your adder's corpse dissolves into shadows!
The mystic blast hits you! The mystic blast hits your yak.
Your yak dies!
Your yak's corpse dissolves into shadows!
The mystic blast hits your yak.
Your yak dies!
Your yak's corpse dissolves into shadows!
As you read the scroll of teleportation, it crumbles to dust.
You feel strangely unstable. Erica casts a spell at you.
You resist with almost no effort.
Erica points at you and mumbles some strange words.
The orb of energy hits your ogre.
Your ogre dies!
Your ogre's corpse dissolves into shadows!
The orb of energy explodes!
The mystic blast hits you!
You die...

......# #.........# #... [.<...#
#.........# ###... ......#
#.........# #.+... ......#
###.........#######.#... ......#
##.........)))..Y@...#...
......###..#......)..#########...
..........##.....))@.# #...
......######.........# #...
......# #....@....# #### #######
#.........# # #.........# #
######.#### ## ####..#######
###### .# #...........####.....
.###### #...........'.##.....
......# #...........#.##.....
......# #...........#.##.....


You could see Erica (invisible).

Vanquished Creatures
  A centaur skeleton (D:9)
  2 orc warriors
  4 ice beasts
  2 phantoms
  2 sky beasts
  7 centaurs
  4 ogres
  A crocodile (D:8)
  A big kobold (D:9)
  2 bullfrogs (D:6)
  A scorpion (D:7)
  A water moccasin skeleton (D:4)
  5 wights (D:9)
  A centaur zombie (D:5)
  A howler monkey (D:9)
  A bullfrog zombie (D:5)
  4 crimson imps
  4 hounds
  A quasit (D:6)
  A jelly (D:5)
  An orc priest (D:6)
  A bullfrog skeleton (D:4)
  6 orc wizards
  4 iguanas
  6 worker ants
  11 adders
  4 shadow imps
  An ooze (D:6)
  3 adder skeletons
  4 worms
  A dart slug (D:1)
  3 leopard geckos
  40 orcs
  2 giant cockroaches
  11 goblins
  7 hobgoblins
  6 jackals
  3 quokkas
  5 ball pythons
  11 bats
  3 frilled lizards
  11 kobolds
  A leopard gecko skeleton (D:8)
  2 quokka skeletons
  A quokka zombie (D:9)
  10 rats
204 creatures vanquished.

Vanquished Creatures (collateral kills)
  An orc wizard (D:9)
1 creature vanquished.

Vanquished Creatures (others)
  4 toadstools (D:1)
4 creatures vanquished.

Grand Total: 209 creatures vanquished

Notes
Turn   | Place    | Note
-------+----------+-------------------------------------------
     0 | D:1      | spiff the High Elf Assassin began the quest for the Orb.
     0 | D:1      | Reached XP level 1. HP: 14/14 MP: 2/2
   202 | D:1      | Reached XP level 2. HP: 19/19 MP: 3/3
   295 | D:1      | Reached skill level 5 in Stealth
   804 | D:1      | Reached XP level 3. HP: 22/24 MP: 4/4
  1795 | D:2      | Reached XP level 4. HP: 26/29 MP: 5/5
  2066 | D:3      | Reached skill level 6 in Stealth
  2634 | D:3      | Found an opulent altar of Gozag.
  2634 | D:3      | Found a hide-covered altar of Uskayaw.
  3430 | D:4      | Reached XP level 5. HP: 34/34 MP: 6/6
  3762 | D:4      | Reached skill level 5 in Short Blades
  3762 | D:4      | Reached skill level 7 in Stealth
  3829 | D:4      | Found Foahyoma's Weapon Shop.
  3844 | D:4      | Noticed Blork the orc
  3923 | D:4      | Found a hazy altar of Hepliaklqana.
  3923 | D:4      | Found a bloodstained altar of Trog.
  4205 | D:5      | Entered Level 5 of the Dungeon
  4252 | D:5      | Reached XP level 6. HP: 35/39 MP: 7/7
  4288 | D:5      | Found a staircase to the Ecumenical Temple.
  4311 | Temple   | Entered the Ecumenical Temple
  4366 | Temple   | Became a worshipper of Dithmenos the Shadowed
  4599 | D:5      | Found a glowing golden altar of the Shining One.
  4599 | D:5      | Found a white marble altar of Elyvilon.
  4599 | D:5      | Found a glowing silver altar of Zin.
  4754 | D:5      | Found a shadowy altar of Dithmenos.
  4860 | D:5      | Found a radiant altar of Vehumet.
  5180 | D:6      | Found a shadowy altar of Dithmenos.
  5224 | D:6      | Noticed an ice beast
  5238 | D:6      | Noticed a sky beast
  5523 | D:6      | Reached skill level 8 in Stealth
  5534 | D:6      | Noticed an ice beast
  5608 | D:5      | Reached XP level 7. HP: 27/45 MP: 8/8
  6506 | D:7      | Got a polished leather armour
  6530 | D:7      | Identified the +1 leather armour of Slovenliness {rElec rN++ MR-} (You found it on level 7 of the Dungeon)
  6662 | D:7      | Reached * piety under Dithmenos
  6662 | D:7      | Reached skill level 9 in Stealth
  6746 | D:7      | Found a snail-covered altar of Cheibriados.
  6798 | D:6      | Reached XP level 8. HP: 52/54 MP: 9/9
  7844 | D:5      | Reached skill level 10 in Stealth
  7883 | D:5      | Found a deep blue altar of Sif Muna.
  7884 | D:5      | Found a sparkling altar of Nemelex Xobeh.
  7889 | D:5      | Learned a level 1 spell: Confusing Touch
  7933 | D:5      | Reached skill level 1 in Hexes
  8585 | D:8      | Reached skill level 5 in Hexes
  8585 | D:8      | Reached XP level 9. HP: 46/59 MP: 10/10
  8886 | D:8      | Reached ** piety under Dithmenos
  8945 | D:8      | Reached skill level 1 in Long Blades
  9061 | D:8      | Reached skill level 5 in Fighting
  9061 | D:8      | Reached skill level 5 in Dodging
  9298 | D:8      | Got a fabulously ornate robe
  9309 | D:8      | Identified the +1 robe of Qaetipis {Stlth+} (You found it on level 8 of the Dungeon)
  9702 | D:7      | Reached skill level 5 in Long Blades
  9904 | D:4      | Bought the +9 rapier of the Lost Beggars {freeze, SInv} for 634 gold pieces
 10234 | D:9      | Reached *** piety under Dithmenos
 10294 | D:9      | Found a basalt altar of Yredelemnul.
 10343 | D:9      | Noticed Erica
 10400 | D:9      | Noticed a merfolk
 10473 | D:9      | Killed from afar by Erica

Skill      XL: |  1  2  3  4  5  6  7  8  9 |
---------------+----------------------------+-----
Stealth        | 5 6 7 8 9 10 | 10.2
Short Blades   | 3 4 5 |  5.3
Dodging        | 2 3 4 6 |  6.3
Fighting       | 3 4 6 |  6.2
Hexes          | 5 |  5.0
Long Blades    | 6 |  6.7
Throwing       | |  2.0

Action                   |  1- 3 |  4- 6 |  7- 9 || total
-------------------------+-------+-------+-------++-------
Melee: Dagger            |   121 |   218 |   362 ||   701
       Unarmed           |       |       |    16 ||    16
       Rapier            |       |       |    61 ||    61
 Fire: Blowgun           |       |     1 |    38 ||    39
       Shortbow          |       |       |     1 ||     1
Throw: Stone             |       |     2 |    12 ||    14
 Cast: Confusing Touch   |       |       |     9 ||     9
  Use: Scroll            |     2 |    11 |     7 ||    20
       Potion            |       |       |     2 ||     2
 Stab: Sleeping          |     8 |    14 |    19 ||    41
       Confused          |       |       |     5 ||     5
       Distracted        |       |       |     1 ||     1
  Eat: Chunk             |     3 |     6 |    17 ||    26
       Meat ration       |       |     1 |       ||     1
Armor: Robe              |    29 |    31 |    44 ||   104
       Leather armour    |       |    15 |    11 ||    26
Dodge: Dodged            |    74 |    98 |   238 ||   410
